 Dungeon Crawl Stone Soup version 0.31-a0-180-g519b7de00c (webtiles) character file.

Game seed: 16102501529266055607

3857 qw the Skirmisher (level 10, -1/94 HPs)
             Began as a Naga Hunter on June 19, 2023.
             Was a Follower of Okawaru.
             Shot with a sling bullet by Joseph (7 damage)
             ... on level 1 of the Lair of Beasts.
             The game lasted 00:03:39 (8447 turns).

qw the Skirmisher (Naga Hunter)                     Turns: 8447, Time: 00:03:39

Health: -1/94      AC:  8    Str: 13    XL:     10   Next: 18%
Magic:  11/13      EV: 14    Int: 10    God:    Okawaru [*.....]
Gold:   546        SH:  0    Dex: 19    Spells: 9/9 levels left

rFire   . . .        d - +0 longbow
rCold   . . .        (shield currently unavailable)
rNeg    . . .        c - +0 leather armour
rPois   +            i - +0 helmet
rElec   .            (no cloak)
rCorr   .            l - +0 pair of gloves
SInv    +            (no barding)
Will    +....        (no amulet)
Stlth   +++          (no ring)
HPRegen 0.35/turn    (no ring)
MPRegen 0.13/turn

%: no passive effects
@: short of breath, heroic, very slow
A: AC +3, large, see invisible, deformed body, poison resistance, slowness 2,
spit poison 1, naga tail 1
a: Spit Poison, Renounce Religion, Heroism


You were on level 1 of the Lair of Beasts.
You worshipped Okawaru.
Okawaru was aware of your devotion.
You visited 3 branches of the dungeon, and saw 11 of its levels.

You collected 546 gold pieces.


Innate Abilities, Weirdness & Mutations

Your serpentine skin is tough. (AC +3)
You have supernaturally acute eyesight. (SInv)
Armour fits poorly on your strangely shaped body.
Your system is resistant to poisons. (rPois)
You cover ground very slowly.
You can spit poison.
You have a snake-like lower body.


   Skills:
 - Level 7.1(12.1) Fighting
 - Level 11.0(16.0) Ranged Weapons
 - Level 2.0(7.0) Armour
 + Level 3.0(8.0) Dodging
 - Level 1.5(6.5) Stealth
 - Level 4.0 Invocations


You had 9 spell levels left.
You didn't know any spells.
Your spell library was empty.

Inventory:

Hand Weapons
 d - a +0 longbow (weapon)
 Y - a +1 orcbow
Armour
 c - a +0 leather armour (worn)
 i - a +0 helmet (worn)
 l - a +0 pair of gloves (worn)
Jewellery
 g - a ring of fire
Scrolls
 k - 2 scrolls of identify
Potions
 a - 2 potions of cancellation
 b - a potion of enlightenment
 e - a potion of curing
 f - a potion of might
 j - a potion of heal wounds

Dungeon Overview and Level Annotations

Branches:
Dungeon (9/15)             Temple (1/1) D:5            Lair (1/5) D:8
    Orc: D:9-12

Altars:
Ashenzari
Elyvilon
Fedhas
Gozag
Hepliaklqana
Kikubaaqudgha
Makhleb
Nemelex Xobeh
Okawaru
Qazlal
Ru
Sif Muna
Trog
Uskayaw
Wu Jian
Xom
Yredelemnul
The Shining One

Shops:
D:6 [

Annotations:
D:3 1 runed translucent door, Crazy Yiuf
Lair:1 Joseph


Message History

You shoot an arrow. The arrow hits Joseph.
Joseph is lightly wounded.
A catoblepas comes into view.
Joseph unwields a +0 quarterstaff.
Joseph wields a +4 sling of flaming.
It bursts into flame!
Joseph shoots a sling bullet.
The sling bullet hits you! The sling bullet burns you.
You shoot an arrow. The catoblepas bellows!
The arrow hits Joseph.
Joseph is lightly wounded.
You hear a howl!
A wolf comes into view.
Joseph shoots a sling bullet.
The sling bullet hits you! The sling bullet burns you.
You hear a howl! x2
You shoot an arrow.
The arrow hits the wolf but does no damage.
You feel like a meek peon again.
A wolf comes into view.
Joseph shoots a sling bullet.
The sling bullet hits you! The sling bullet burns you.
8445 ||| INVOKING Heroism.
You gain the combat prowess of a mighty hero.
The catoblepas breathes a plume of calcifying dust at you.
The blast of calcifying dust hits you!
Joseph shoots a sling bullet.
The sling bullet hits you! The sling bullet burns you.
A wolf comes into view.
You hear a croak.
8446 ||| Stepping ~*~*~tactically~*~*~ (cloud).
A cane toad comes into view.
Joseph shoots a sling bullet.
The sling bullet closely misses you.
Enter note:
8447 ||| INVOKING Spit Poison.
Aiming: Spit Poison (1% risk of failure)
Press: ? - help, Shift-Dir - straight line, f - wolf, p - wolf The splash of poison misses the wolf. x2
A wolf comes into view.
Joseph shoots a sling bullet.
The sling bullet hits you!! The sling bullet burns you!
You die...

........#
.@..........#...
............#h..
......F....Y#¤......
..>...........¤h.....
.........#....¤....#..
......$........h.......
..............@h.......
.(.............¤.$...=.
...........##..........
.................#......
..................#....#.
.....##..................
.....##.....%............
.....##..#.........#.#..
.##.................###..


You could see a catoblepas, Joseph, a cane toad and 4 wolves.

Vanquished Creatures
  A cane toad (Lair:1)
  A hornet (D:7)
  2 water moccasins
  2 sky beasts
  3 ice beasts
  5 ogres
  3 centaurs
  A phantom (D:5)
  2 bullfrogs
  2 gnoll sergeants (D:9)
  4 scorpions
  2 howler monkeys
  7 orc priests
  4 hounds
  2 gnoll boudas
  5 jellies
  Jessica (D:3)
  Natasha (thrice) (D:2)
  3 iguanas
  11 orc wizards
  17 gnolls
  7 adders
  A shadow imp (D:7)
  3 white imps
  An ufetubus (D:4)
  2 worms (D:3)
  5 dart slugs
  38 orcs
  5 ball pythons
  An endoplasm (D:3)
  2 giant cockroaches (D:1)
  11 goblins
  7 hobgoblins
  2 jackals (D:2)
  4 quokkas
  3 bats
  3 frilled lizards
  7 kobolds
  5 rats
188 creatures vanquished.

Notes
Turn   | Place    | Note
-------+----------+-------------------------------------------
     0 | D:1      | qw the Naga Hunter began the quest for the Orb.
     0 | D:1      | Reached XP level 1. HP: 19/19 MP: 1/1
     0 | D:1      | 0 ||| qw: Version: 0.3-a-7-ge0c9b40
     0 | D:1      | 0 ||| qw: Game counter: 890
     0 | D:1      | 0 ||| qw: Always use a shield: true
     0 | D:1      | 0 ||| qw: God list: Okawaru
     0 | D:1      | 0 ||| qw: Allow faded altars: false
     0 | D:1      | 0 ||| qw: Do Orc after D:15 true
     0 | D:1      | 0 ||| qw: Do second Lair branch before Depths: true
     0 | D:1      | 0 ||| qw: Lair rune preference: random
     0 | D:1      | 0 ||| qw: Plans: Normal
     0 | D:1      | 0 ||| PLANNING D:1-11
    14 | D:1      | 14 ||| INVOKING Spit Poison.
    34 | D:1      | 34 ||| INVOKING Spit Poison.
    49 | D:1      | 49 ||| FLEEEEING.
    55 | D:1      | 55 ||| INVOKING Spit Poison.
   101 | D:1      | 101 ||| FLEEEEING.
   102 | D:1      | 102 ||| FLEEEEING.
   103 | D:1      | 103 ||| FLEEEEING.
   109 | D:1      | 109 ||| INVOKING Spit Poison.
   110 | D:1      | Reached skill level 4 in Ranged Weapons
   110 | D:1      | Reached XP level 2. HP: 26/26 MP: 2/2
   116 | D:1      | 116 ||| INVOKING Spit Poison.
   130 | D:1      | 130 ||| INVOKING Spit Poison.
   212 | D:1      | 212 ||| INVOKING Spit Poison.
   248 | D:1      | 248 ||| INVOKING Spit Poison.
   263 | D:1      | 263 ||| INVOKING Spit Poison.
   325 | D:1      | 325 ||| INVOKING Spit Poison.
   326 | D:1      | 326 ||| INVOKING Spit Poison.
   355 | D:1      | 355 ||| INVOKING Spit Poison.
   539 | D:1      | 539 ||| READING scroll labelled ENUAPL PIRIYJ.
   540 | D:1      | 540 ||| READING scroll labelled SIMIASA BUYSM.
   541 | D:1      | 541 ||| DROPPING scroll of butterflies.
   587 | D:2      | 587 ||| INVOKING Spit Poison.
   615 | D:2      | 615 ||| INVOKING Spit Poison.
   633 | D:2      | 633 ||| INVOKING Spit Poison.
   678 | D:2      | 678 ||| INVOKING Spit Poison.
   679 | D:2      | 679 ||| INVOKING Spit Poison.
   752 | D:2      | 752 ||| INVOKING Spit Poison.
   753 | D:2      | Reached XP level 3. HP: 32/32 MP: 3/3
   757 | D:2      | 757 ||| INVOKING Spit Poison.
   811 | D:2      | 811 ||| INVOKING Spit Poison.
   820 | D:2      | 820 ||| INVOKING Spit Poison.
   849 | D:2      | 849 ||| INVOKING Spit Poison.
   948 | D:2      | Noticed Natasha
   949 | D:2      | 949 ||| INVOKING Spit Poison.
   955 | D:2      | 955 ||| INVOKING Spit Poison.
   957 | D:2      | HP: 4/32 [Natasha (8)]
   958 | D:2      | Killed Natasha
   959 | D:2      | Reached skill level 5 in Ranged Weapons
   959 | D:2      | Reached XP level 4. HP: 5/39 MP: 4/4
  1199 | D:2      | 1199 ||| INVOKING Spit Poison.
  1205 | D:2      | 1205 ||| INVOKING Spit Poison.
  1212 | D:2      | 1212 ||| INVOKING Spit Poison.
  1222 | D:2      | 1222 ||| INVOKING Spit Poison.
  1225 | D:2      | 1225 ||| INVOKING Spit Poison.
  1249 | D:2      | Noticed Natasha
  1250 | D:2      | 1250 ||| INVOKING Spit Poison.
  1254 | D:2      | 1254 ||| INVOKING Spit Poison.
  1254 | D:2      | Killed Natasha
  1255 | D:2      | Reached skill level 3 in Fighting
  1270 | D:2      | Noticed Natasha
  1271 | D:2      | 1271 ||| INVOKING Spit Poison.
  1276 | D:2      | Killed Natasha
  1277 | D:2      | Reached XP level 5. HP: 30/49 MP: 5/5
  1531 | D:2      | 1531 ||| INVOKING Spit Poison.
  1700 | D:2      | 1700 ||| UPGRADING to +0 helmet.
  1705 | D:2      | 1705 ||| READING scroll labelled WOOHEM NUCEGONN.
  1710 | D:2      | 1710 ||| READING scroll labelled FUDAIF IWUSOIVONN.
  1790 | D:2      | 1790 ||| DRINKING 2 lumpy sapphire potions.
  1818 | D:3      | 1818 ||| INVOKING Spit Poison.
  1825 | D:3      | 1825 ||| INVOKING Spit Poison.
  1872 | D:3      | 1872 ||| INVOKING Spit Poison.
  1878 | D:3      | 1878 ||| INVOKING Spit Poison.
  1918 | D:3      | 1918 ||| INVOKING Spit Poison.
  1933 | D:3      | 1933 ||| INVOKING Spit Poison.
  1937 | D:3      | 1937 ||| INVOKING Spit Poison.
  1986 | D:3      | 1986 ||| INVOKING Spit Poison.
  1991 | D:3      | 1991 ||| INVOKING Spit Poison.
  1995 | D:3      | 1995 ||| INVOKING Spit Poison.
  2051 | D:3      | Noticed Jessica
  2055 | D:3      | 2055 ||| INVOKING Spit Poison.
  2058 | D:3      | 2058 ||| INVOKING Spit Poison.
  2058 | D:3      | Killed Jessica
  2084 | D:3      | 2084 ||| INVOKING Spit Poison.
  2137 | D:3      | Found a shimmering altar of Xom.
  2143 | D:3      | Found a broken altar of Ashenzari.
  2223 | D:3      | 2223 ||| INVOKING Spit Poison.
  2226 | D:3      | 2226 ||| INVOKING Spit Poison.
  2230 | D:3      | 2230 ||| INVOKING Spit Poison.
  2231 | D:3      | Reached skill level 6 in Ranged Weapons
  2231 | D:3      | Reached XP level 6. HP: 56/56 MP: 6/6
  2246 | D:3      | 2246 ||| INVOKING Spit Poison.
  2272 | D:3      | 2272 ||| INVOKING Spit Poison.
  2456 | D:3      | Found a runed translucent door.
  2457 | D:3      | Noticed Crazy Yiuf
  2460 | D:3      | 2460 ||| READING scroll labelled DELUPO UK UMO.
  2461 | D:3      | 2461 ||| READING scroll labelled WAZ TYRHENEIBB.
  2635 | D:4      | 2635 ||| INVOKING Spit Poison.
  2642 | D:4      | 2642 ||| INVOKING Spit Poison.
  2734 | D:4      | 2734 ||| INVOKING Spit Poison.
  2741 | D:4      | 2741 ||| INVOKING Spit Poison.
  2747 | D:4      | 2747 ||| INVOKING Spit Poison.
  2793 | D:4      | Found a sparkling altar of Nemelex Xobeh.
  2802 | D:4      | 2802 ||| INVOKING Spit Poison.
  2810 | D:4      | 2810 ||| INVOKING Spit Poison.
  2814 | D:4      | 2814 ||| INVOKING Spit Poison.
  2821 | D:4      | 2821 ||| INVOKING Spit Poison.
  2824 | D:4      | 2824 ||| INVOKING Spit Poison.
  2931 | D:4      | Noticed an ice beast
  2950 | D:4      | HP: 5/57 [ice beast (11)]
  2953 | D:4      | Killed an ice beast
  2954 | D:4      | Reached XP level 7. HP: 6/64 MP: 7/7
  3222 | D:4      | 3222 ||| INVOKING Spit Poison.
  3366 | D:4      | 3366 ||| READING scroll labelled LOUNOKKATU.
  3367 | D:4      | 3367 ||| READING scroll labelled YCYRGH VAZXEY.
  3402 | D:5      | Entered Level 5 of the Dungeon
  3419 | D:5      | Reached skill level 7 in Ranged Weapons
  3472 | D:5      | 3472 ||| INVOKING Spit Poison.
  3476 | D:5      | 3476 ||| INVOKING Spit Poison.
  3479 | D:5      | 3479 ||| INVOKING Spit Poison.
  3486 | D:5      | 3486 ||| INVOKING Spit Poison.
  3491 | D:5      | 3491 ||| INVOKING Spit Poison.
  3551 | D:5      | 3551 ||| INVOKING Spit Poison.
  3554 | D:5      | 3554 ||| READING scroll labelled JEOGHE LACEMMOG.
  3557 | D:5      | 3557 ||| INVOKING Spit Poison.
  3561 | D:5      | 3561 ||| INVOKING Spit Poison.
  3565 | D:5      | 3565 ||| INVOKING Spit Poison.
  3568 | D:5      | 3568 ||| INVOKING Spit Poison.
  3570 | D:5      | 3570 ||| DRINKING 2 potions of curing.
  3570 | D:5      | 3570 ||| (to cure confusion)
  3574 | D:5      | 3574 ||| INVOKING Spit Poison.
  3622 | D:5      | Found a staircase to the Ecumenical Temple.
  3623 | D:5      | 3623 ||| PLANNING TEMPLE
  3794 | Temple   | Entered the Ecumenical Temple
  3808 | Temple   | 3808 ||| PLANNING D:1-11
  3931 | D:5      | 3931 ||| INVOKING Spit Poison.
  3934 | D:5      | 3934 ||| INVOKING Spit Poison.
  4103 | D:5      | Found an iron altar of Okawaru.
  4104 | D:5      | 4104 ||| PLANNING OKAWARU WORSHIP
  4106 | D:5      | 4106 ||| INVOKING Spit Poison.
  4111 | D:5      | 4111 ||| INVOKING Spit Poison.
  4116 | D:5      | 4116 ||| INVOKING Spit Poison.
  4122 | D:5      | Reached skill level 8 in Ranged Weapons
  4122 | D:5      | Reached XP level 8. HP: 45/72 MP: 8/8
  4123 | D:5      | 4123 ||| INVOKING Spit Poison.
  4209 | D:5      | Became a worshipper of Warmaster Okawaru
  4210 | D:5      | 4210 ||| PLANNING D:1-11
  4247 | D:5      | 4247 ||| INVOKING Spit Poison.
  4251 | D:5      | 4251 ||| INVOKING Spit Poison.
  4329 | D:5      | 4329 ||| INVOKING Spit Poison.
  4334 | D:5      | 4334 ||| INVOKING Spit Poison.
  4399 | D:5      | 4399 ||| INVOKING Spit Poison.
  4403 | D:5      | 4403 ||| INVOKING Spit Poison.
  4409 | D:5      | 4409 ||| INVOKING Spit Poison.
  4423 | D:5      | 4423 ||| INVOKING Spit Poison.
  4530 | D:5      | 4530 ||| INVOKING Spit Poison.
  4533 | D:5      | 4533 ||| INVOKING Spit Poison.
  4540 | D:5      | 4540 ||| INVOKING Spit Poison.
  4545 | D:5      | 4545 ||| INVOKING Spit Poison.
  4548 | D:5      | 4548 ||| INVOKING Spit Poison.
  4554 | D:5      | 4554 ||| INVOKING Spit Poison.
  4687 | D:5      | 4687 ||| INVOKING Spit Poison.
  4709 | D:5      | Reached * piety under Okawaru
  4710 | D:5      | 4710 ||| INVOKING Heroism.
  4711 | D:5      | 4711 ||| INVOKING Spit Poison.
  4717 | D:5      | 4717 ||| INVOKING Spit Poison.
  4721 | D:5      | Reached skill level 9 in Ranged Weapons
  4723 | D:5      | 4723 ||| INVOKING Heroism.
  4724 | D:5      | 4724 ||| INVOKING Spit Poison.
  4969 | D:5      | 4969 ||| UPGRADING to +0 pair of gloves.
  4974 | D:5      | 4974 ||| READING 2 scrolls of identify.
  4974 | D:5      | 4974 ||| IDENTIFYING fuming coppery potion
  5000 | D:6      | 5000 ||| INVOKING Spit Poison.
  5004 | D:6      | 5004 ||| INVOKING Spit Poison.
  5008 | D:6      | 5008 ||| INVOKING Spit Poison.
  5029 | D:6      | 5029 ||| INVOKING Spit Poison.
  5040 | D:6      | 5040 ||| INVOKING Heroism.
  5041 | D:6      | 5041 ||| INVOKING Heroism.
  5042 | D:6      | 5042 ||| INVOKING Spit Poison.
  5047 | D:6      | 5047 ||| INVOKING Spit Poison.
  5055 | D:6      | 5055 ||| INVOKING Spit Poison.
  5062 | D:6      | 5062 ||| INVOKING Spit Poison.
  5143 | D:6      | 5143 ||| SWAPPING to +0 orcbow.
  5144 | D:6      | 5144 ||| INVOKING Spit Poison.
  5146 | D:6      | 5146 ||| DROPPING +1 shortbow.
  5151 | D:6      | 5151 ||| INVOKING Spit Poison.
  5154 | D:6      | 5154 ||| INVOKING Spit Poison.
  5154 | D:6      | HP: 13/76 [ogre/+0 giant club (10)]
  5156 | D:6      | Reached skill level 6 in Fighting
  5156 | D:6      | Reached XP level 9. HP: 15/82 MP: 9/9
  5262 | D:6      | 5262 ||| FLEEEEING.
  5263 | D:6      | 5263 ||| FLEEEEING.
  5264 | D:6      | 5264 ||| FLEEEEING.
  5266 | D:6      | 5266 ||| INVOKING Heroism.
  5267 | D:6      | 5267 ||| INVOKING Heroism.
  5270 | D:6      | 5270 ||| INVOKING Spit Poison.
  5380 | D:6      | Found a shimmering blue altar of Sif Muna.
  5381 | D:6      | 5381 ||| READING scroll labelled ZITOAN GYNUI.
  5428 | D:6      | 5428 ||| INVOKING Spit Poison.
  5455 | D:6      | Reached skill level 3 in Dodging
  5519 | D:6      | Found a white marble altar of Elyvilon.
  5706 | D:6      | 5706 ||| INVOKING Spit Poison.
  5766 | D:6      | Found Gyddulab's Armour Emporium.
  5774 | D:6      | 5774 ||| SHOPLISTING +3 Mad Mage's Maulers {Infuse+∞ VampMP
                  | -Cast} (480 gold, have 390).
  5807 | D:6      | You fall into a shaft and drop 2 floors!
  5812 | D:8      | 5812 ||| INVOKING Spit Poison.
  5834 | D:8      | 5834 ||| READING scroll labelled SAEJIBBEHEF.
  5835 | D:8      | 5835 ||| READING 2 scrolls of identify.
  5835 | D:8      | 5835 ||| IDENTIFYING fizzy puce potion
  5836 | D:8      | 5836 ||| DROPPING potion of attraction.
  5873 | D:7      | 5873 ||| INVOKING Spit Poison.
  5879 | D:7      | 5879 ||| INVOKING Spit Poison.
  5894 | D:7      | 5894 ||| INVOKING Spit Poison.
  5919 | D:7      | 5919 ||| INVOKING Spit Poison.
  5924 | D:7      | Reached skill level 1 in Invocations
  5995 | D:6      | 5995 ||| INVOKING Spit Poison.
  6124 | D:6      | Found a basalt altar of Yredelemnul.
  6219 | D:7      | 6219 ||| INVOKING Heroism.
  6238 | D:7      | 6238 ||| INVOKING Spit Poison.
  6241 | D:7      | 6241 ||| INVOKING Spit Poison.
  6258 | D:7      | Identified the +0 scale mail of Avveuwil {-Cast +Inv rN+
                  | SInv}
  6269 | D:7      | 6269 ||| INVOKING Heroism.
  6270 | D:7      | 6270 ||| INVOKING Spit Poison.
  6275 | D:7      | 6275 ||| Stepping ~*~*~tactically~*~*~ (outnumbered).
  6280 | D:7      | 6280 ||| INVOKING Spit Poison.
  6289 | D:7      | 6289 ||| INVOKING Spit Poison.
  6455 | D:7      | 6455 ||| INVOKING Spit Poison.
  6457 | D:7      | Reached skill level 10 in Ranged Weapons
  6461 | D:7      | 6461 ||| INVOKING Spit Poison.
  6462 | D:7      | 6462 ||| INVOKING Spit Poison.
  6471 | D:7      | 6471 ||| INVOKING Heroism.
  6472 | D:7      | 6472 ||| INVOKING Spit Poison.
  6487 | D:7      | 6487 ||| INVOKING Spit Poison.
  6516 | D:7      | 6516 ||| INVOKING Spit Poison.
  6707 | D:7      | Noticed a hornet
  6709 | D:7      | 6709 ||| INVOKING Spit Poison.
  6712 | D:7      | 6712 ||| INVOKING Spit Poison.
  6714 | D:7      | Killed a hornet
  6715 | D:7      | Reached skill level 3 in Invocations
  6788 | D:7      | 6788 ||| INVOKING Spit Poison.
  6806 | D:7      | 6806 ||| INVOKING Spit Poison.
  7066 | D:7      | 7066 ||| READING scroll labelled ZEIRIJ UGEE.
  7067 | D:7      | 7067 ||| READING 3 scrolls of identify.
  7067 | D:7      | 7067 ||| IDENTIFYING lumpy yellow potion
  7068 | D:7      | 7068 ||| READING 2 scrolls of identify.
  7068 | D:7      | 7068 ||| IDENTIFYING green potion
  7069 | D:7      | 7069 ||| DROPPING potion of lignification.
  7106 | D:8      | 7106 ||| INVOKING Heroism.
  7107 | D:8      | 7107 ||| INVOKING Spit Poison.
  7115 | D:8      | 7115 ||| INVOKING Spit Poison.
  7122 | D:8      | 7122 ||| INVOKING Spit Poison.
  7183 | D:8      | Found a hide-covered altar of Uskayaw.
  7275 | D:8      | 7275 ||| INVOKING Heroism.
  7276 | D:8      | 7276 ||| INVOKING Spit Poison.
  7277 | D:8      | 7277 ||| Stepping ~*~*~tactically~*~*~ (outnumbered).
  7283 | D:8      | 7283 ||| INVOKING Spit Poison.
  7287 | D:8      | 7287 ||| INVOKING Spit Poison.
  7356 | D:8      | 7356 ||| INVOKING Spit Poison.
  7357 | D:8      | Reached XP level 10. HP: 94/94 MP: 13/13
  7582 | D:8      | Found a staircase to the Lair.
  7603 | D:8      | 7603 ||| READING scroll of enchant weapon.
  7603 | D:8      | 7603 ||| ENCHANTING +0 orcbow.
  7697 | D:8      | 7697 ||| READING 3 scrolls of identify.
  7697 | D:8      | 7697 ||| IDENTIFYING fuming pink potion
  7724 | D:9      | 7724 ||| INVOKING Spit Poison.
  7801 | D:9      | 7801 ||| INVOKING Spit Poison.
  7805 | D:9      | 7805 ||| Stepping ~*~*~tactically~*~*~ (outnumbered).
  7808 | D:9      | 7808 ||| INVOKING Spit Poison.
  7816 | D:9      | 7816 ||| INVOKING Spit Poison.
  7860 | D:9      | 7860 ||| INVOKING Spit Poison.
  7864 | D:9      | 7864 ||| Stepping ~*~*~tactically~*~*~ (outnumbered).
  7867 | D:9      | 7867 ||| INVOKING Spit Poison.
  7871 | D:9      | 7871 ||| INVOKING Heroism.
  7875 | D:9      | 7875 ||| INVOKING Spit Poison.
  7881 | D:9      | 7881 ||| INVOKING Spit Poison.
  7888 | D:9      | 7888 ||| INVOKING Spit Poison.
  8262 | D:8      | 8262 ||| Stepping randomly (stuck).
  8315 | D:8      | 8315 ||| PLANNING LAIR
  8410 | Lair:1   | Entered Level 1 of the Lair of Beasts
  8415 | Lair:1   | Noticed a cane toad
  8416 | Lair:1   | 8416 ||| INVOKING Heroism.
  8420 | Lair:1   | Killed a cane toad
  8421 | Lair:1   | Reached skill level 11 in Ranged Weapons
  8440 | Lair:1   | Noticed Joseph
  8441 | Lair:1   | 8441 ||| SWAPPING to +0 longbow.
  8442 | Lair:1   | Noticed a catoblepas
  8445 | Lair:1   | 8445 ||| INVOKING Heroism.
  8446 | Lair:1   | 8446 ||| Stepping ~*~*~tactically~*~*~ (cloud).
  8446 | Lair:1   | Noticed a cane toad
  8447 | Lair:1   | 8447 ||| INVOKING Spit Poison.
  8447 | Lair:1   | HP: 6/94 [Joseph/sling bullet (22)]
  8447 | Lair:1   | Shot with a sling bullet by Joseph

Levels and vault maps discovered:
D:1:      dpeg_arrival_rooms_a, layout_basic
D:2:      layout_basic, serial_corexii_hall, chequers_hall_statues_y,
          corexii_hall_statues_i, minmay_goblin_outpost, uniq_natasha
D:3:      layout_loops_ring, minitemple, uniq_jessica, uniq_crazy_yiuf_cottage
D:4:      layout_cave_pods, old_standard_altar
D:5:      minmay_opposing_rooms, layout_cave_pods, okawaru_trees_2,
          minmay_temple_entry_overgrown, minmay_a_box_with_orc_wizards_in_it
D:6:      layout_loops_ring, kennysheep_ying_yang,
          mainiacjoe_overflow_cross_hatched, serial_shops, nicolae_square_shop
D:7:      layout_gridville
D:8:      layout_loops_ring, nicolae_overflow_hidden_temple, lair_entry_dummy
D:9:      minmay_blocky_corners, layout_loops_ring,
          lemuel_coloured_pillars_altar
Temple:   hellmonk_temple_rainy
Lair:1:   layout_cave_shapes, basic_altar, uniq_joseph

Skill      XL: |  1  2  3  4  5  6  7  8  9 10 |
---------------+-------------------------------+-----
Ranged Weapons | 4 5 6 8 9 10 11 | 11.0
Fighting       | 3 4 6 7 |  7.1
Dodging        | 2 3 |  3.0
Armour         | 2 |  2.0
Invocations    | 4 |  4.0
Stealth        | |  1.5

Action                     |  1- 3 |  4- 6 |  7- 9 | 10-12 || total
---------------------------+-------+-------+-------+-------++-------
   Fire: Shortbow          |    35 |   118 |   182 |       ||   335
         Orcbow            |       |       |   150 |    47 ||   197
         Longbow           |       |       |       |     3 ||     3
 Invoke: Heroism           |       |       |     9 |     3 ||    12
Ability: Spit Poison       |    22 |    37 |    77 |    10 ||   146
    Use: Scroll            |     2 |     4 |    10 |     2 ||    18
         Potion            |       |     1 |     1 |       ||     2
 Armour: Leather armour    |       |    21 |    61 |     9 ||    91
  Dodge: Dodged            |     2 |    31 |    80 |    13 ||   126

Table legend:
 A = Non-vault XP
 B = Vault XP
 C = Vault XP percentage of total XP
 D = Non-vault monster count
 E = Vault monster count
 F = Vault count percentage of total count
                 A         B        C        D         E       F
            +---------+---------+-------+---------+---------+-------
      Total |    4717 |     793 |  14.4 |     163 |      25 |  13.3
            +---------+---------+-------+---------+---------+-------
        D:1 |      26 |       0 |   0.0 |      15 |       0 |   0.0
        D:2 |     116 |      54 |  31.8 |      15 |      10 |  40.0
        D:3 |     113 |      37 |  24.7 |      19 |       1 |   5.0
        D:4 |     370 |       0 |   0.0 |      15 |       0 |   0.0
        D:5 |     560 |     702 |  55.6 |      22 |      14 |  38.9
        D:6 |     881 |       0 |   0.0 |      22 |       0 |   0.0
        D:7 |    1463 |       0 |   0.0 |      27 |       0 |   0.0
        D:8 |     410 |       0 |   0.0 |      16 |       0 |   0.0
        D:9 |     375 |       0 |   0.0 |      11 |       0 |   0.0
     Lair:1 |     403 |       0 |   0.0 |       1 |       0 |   0.0
            +---------+---------+-------+---------+---------+-------
